 Dungeon Crawl Stone Soup version 0.28.0 (webtiles) character file.

Game seed: 2014081499470710190

65 bromine the Skirmisher (level 4, 0/49 HPs)
             Began as an Ogre Berserker on Feb 16, 2022.
             Was an Initiate of Nemelex Xobeh.
             Slain by Crazy Yiuf (7 damage)
             ... on level 2 of the Dungeon.
             The game lasted 00:05:51 (3010 turns).

bromine the Skirmisher (Ogre Berserker)             Turns: 3010, Time: 00:05:51

Health: 0/49       AC:  3    Str: 21    XL:     4   Next: 13%
Magic:  3/4        EV: 10    Int:  8    God:    Nemelex Xobeh [......]
Gold:   50         SH:  0    Dex: 10    Spells: 3/3 levels left

rFire   . . .      SeeInvis .   a - +0 hand axe
rCold   . . .      Faith    .   (no shield)
rNeg    . . .      Spirit   .   b - +0 animal skin
rPois   .          Reflect  .   (helmet restricted)
rElec   .          Harm     .   (no cloak)
rCorr   +          Rampage  .   (gloves unavailable)
Will    .....                   (boots unavailable)
Stlth   +.........              (no amulet)
HPRegen 0.16/turn               g - ring of resist corrosion
MPRegen 0.09/turn               (no ring)

@: no status effects
A: large, unfitting armour, tough skin 1
a: Renounce Religion, Draw Escape, Draw Destruction, Draw Summoning


You were on level 2 of the Dungeon.
You worshipped Nemelex Xobeh.
Nemelex Xobeh was noncommittal.
You visited 1 branch of the dungeon, and saw 2 of its levels.

You collected 50 gold pieces.

Inventory:

Hand Weapons
 a - a +0 hand axe (weapon)
Armour
 b - a +0 animal skin (worn)
 e - a +0 scale mail
Jewellery
 g - a ring of resist corrosion (left hand)
Scrolls
 d - a scroll of identify
 j - a scroll of fog {unknown}
 k - a scroll of enchant armour {unknown}
Potions
 f - a potion of attraction {unknown}
 h - a potion of heal wounds {unknown}
 i - a potion of degeneration {unknown}


   Skills:
 + Level 4.6 Fighting
 + Level 3.9 Axes
 + Level 3.3 Dodging


You had 3 spell levels left.
You didn't know any spells.
Your spell library was empty.

Dungeon Overview and Level Annotations

Branches:
Dungeon (2/15)

Altars:
Nemelex Xobeh

Annotations:
D:2 Crazy Yiuf


Innate Abilities, Weirdness & Mutations

You are too large for most types of armour.
You have tough skin. (AC +1)


Message History

There is an open door here.
There is an open door here.
Crazy Yiuf shouts!
You open the door. You hit Crazy Yiuf but do no damage.
Crazy Yiuf hits you with a +3 quarterstaff of chaos!
You resist with some effort.
You hit Crazy Yiuf.
Crazy Yiuf is lightly wounded.
Crazy Yiuf hits you with a +3 quarterstaff of chaos.
Crazy Yiuf freezes you.
You hit Crazy Yiuf but do no damage.
Crazy Yiuf is lightly wounded.
Crazy Yiuf hits you with a +3 quarterstaff of chaos.
You feel your power leaking away.
You barely miss Crazy Yiuf.
Crazy Yiuf is lightly wounded.
Crazy Yiuf cries, "Cholesterol!
Blight shoe hand."
Crazy Yiuf hits you with a +3 quarterstaff of chaos.
You blink.
Okay, then.
Crazy Yiuf is nearby!
Crazy Yiuf cries, "Orb arm disdain!"
Crazy Yiuf hits you with a +3 quarterstaff of chaos.
You slash Crazy Yiuf!
Crazy Yiuf is heavily wounded.
Crazy Yiuf says, "Seed!"
Crazy Yiuf hits you with a +3 quarterstaff of chaos!
* * * LOW HITPOINT WARNING * * *
Crazy Yiuf burns you.
* * * LOW HITPOINT WARNING * * *
You feel better.
Crazy Yiuf hits you with a +3 quarterstaff of chaos!
* * * LOW HITPOINT WARNING * * *
You hit Crazy Yiuf.
Crazy Yiuf is severely wounded.
Crazy Yiuf barely misses you.
Crazy Yiuf hits you with a +3 quarterstaff of chaos!
You die...
Your body disappears without a glow.

#####...#
#.#####............#
....#...###.#
##.....#.....####
........'...#
#)###.#.........
....#...##### #.#
#.##########
...........# ### #.#
# ......##...# #.#
## ###.#.#....#
##### ### #.
#..#.#....# #)..#
##. #..#......#
#.@.# #..
#....#....# #.g.#
####### #..
#..#......# ##'##
#.....# #..
#.....#.### #.##
#....(# #..
##.#..#.# ##.#
#.....#####.
###.##.#.# #.##
#>....'..##.
.........### ##.#
#.....##.##.
.#..##.....# ##.##
#......#.##.
.#....####.# ##...#
#......#.##.


You could see Crazy Yiuf.

Vanquished Creatures
  2 adders (D:2)
  A worm (D:2)
  4 dart slugs (D:2)
  6 ball pythons
  A bat (D:2)
  3 endoplasms (D:1)
  A giant cockroach (D:1)
  3 goblins (D:2)
  2 hobgoblins (D:1)
  3 quokkas (D:1)
  5 frilled lizards
  2 kobolds (D:1)
  2 rats
35 creatures vanquished.

Notes
Turn   | Place    | Note
-------+----------+-------------------------------------------
     0 | D:1      | bromine the Ogre Berserker began the quest for the Orb.
     0 | D:1      | Reached XP level 1. HP: 24/24 MP: 1/1
   380 | D:1      | Reached XP level 2. HP: 32/32 MP: 2/2
   553 | D:1      | Found a faded altar of an unknown god.
   945 | D:2      | Reached XP level 3. HP: 12/40 MP: 3/3
  1770 | D:2      | Found a runed translucent door.
  1771 | D:2      | Noticed Crazy Yiuf
  1925 | D:2      | Reached ** piety under Trog
  2001 | D:2      | Found a sparkling altar of Nemelex Xobeh.
  2025 | D:2      | Fell from the grace of Trog
  2025 | D:2      | Became a worshipper of Nemelex Xobeh the Trickster
  2256 | D:2      | Reached XP level 4. HP: 16/49 MP: 4/4
  3010 | D:2      | Slain by Crazy Yiuf

Illustrated notes

Levels and vault maps discovered:
D:1:      amcnicky_arrival_gap_in_the_tavern_cellar, layout_basic,
          shapermc_ecumenical_altar_mp_highgroup
D:2:      layout_basic, basic_altar, minmay_misc_feat_plants,
          uniq_crazy_yiuf_cottage

Skill      XL: |  1  2 |
---------------+-------+-----
Dodging        | 3 |  3.3
Fighting       | |  4.6
Axes           | |  3.9

Action                   |  1- 3 |  4- 6 || total
-------------------------+-------+-------++-------
Melee: Hand axe          |   105 |    23 ||   128
  Use: Scroll            |     2 |       ||     2
       Potion            |       |     1 ||     1
 Stab: Sleeping          |     1 |       ||     1
Armor: Animal skin       |    20 |     3 ||    23
Dodge: Dodged            |    69 |     5 ||    74
